 Dungeon Crawl Stone Soup version 0.19-a0-45-g2c295ea (webtiles) character file.

77 Mefis the Magician (level 4, -10/24 HPs)
             Began as a Deep Elf Wizard on May 5, 2016.
             Mangled by Kilrog's ghost (16 damage)
             ... on level 3 of the Dungeon.
             The game lasted 00:07:33 (2954 turns).

Mefis the Magician (Deep Elf Wizard)                Turns: 2954, Time: 00:07:34

Health: -10/24     AC:  2    Str:  5    XL:     4   Next: 14%
Magic:  1/12       EV: 13    Int: 23    God:
Gold:   91         SH:  0    Dex: 13    Spells: 4 memorised, 5 levels left

rFire  . . .     SeeInvis .     h - +2 dagger (venom)
rCold  . . .     Gourm    .     k - +0 robe (curse)
rNeg   . . .     Faith    .     (no shield)
rPois  .         Spirit   .     b - +0 hat
rElec  .         Dismiss  .     (no cloak)
rCorr  .         Reflect  .     (no gloves)
SustAt .         Harm     .     (no boots)
MR     .....                    (no amulet)
Stlth  ++........               (no ring)
                                (no ring)

@: not resistant to hostile enchantments, unstealthy
A: no striking features
a: no special abilities


You were on level 3 of the Dungeon.
You were not hungry.

You visited 1 branch of the dungeon, and saw 3 of its levels.

You collected 91 gold pieces.

Inventory:

Hand Weapons
 h - a +2 dagger of venom (weapon)
Missiles
 i - 59 arrows
Armour
 a - a +0 robe
 b - a +0 hat (worn)
 k - a cursed +0 robe (worn)
Scrolls
 l - 2 scrolls of enchant armour {unknown}
 n - a scroll of blinking {unknown}
 p - a scroll of identify {unknown}
 s - a scroll of teleportation {unknown}
Potions
 e - 2 potions of flight {unknown}
 g - a potion of curing {unknown}
 j - a potion of brilliance {unknown}
 o - a potion of invisibility {unknown}
 r - a potion of berserk rage {unknown}
Books
 c - a book of Minor Magic

   Spells                             Type                      Level
   a - Magic Dart                     Conjuration                  1
   b - Blink                          Translocation                2
   c - Call Imp                       Summoning                    2
   d - Repel Missiles                 Charms/Air                   2
   e - Slow                           Hexes                        2
   f - Conjure Flame                  Conjuration/Fire             3
   g - Mephitic Cloud                 Conjuration/Poison/Air       3
Comestibles
 d - a bread ration
 f - a slice of pizza
 m - a royal jelly
 q - 2 fruits


   Skills:
 * Level 3.5 Dodging
 * Level 3.4 Stealth
 + Level 4.8 Spellcasting
 + Level 1.7 Conjurations
 + Level 1.7 Charms
 + Level 1.7 Summonings
 + Level 1.1 Translocations


You had 5 spell levels left.
You knew the following spells:

 Your Spells              Type           Power        Failure   Level  Hunger
a - Magic Dart            Conj           ##..         6%          1    None
b - Call Imp              Summ           ##......     10%         2    None
c - Blink                 Tloc           N/A          12%         2    None
d - Repel Missiles        Chrm/Air       #.....       12%         2    None


Dungeon Overview and Level Annotations

Branches:
Dungeon (3/15)

Altars:
Dithmenos

Annotations:
D:3 Kilrog's ghost, amateur HOFi


Message History

Your crimson imp hits Kilrog's ghost but does no damage.
Kilrog's ghost misses your crimson imp.
Your crimson imp blinks!
Your crimson imp completely misses Kilrog's ghost.
Your crimson imp hits Kilrog's ghost but does no damage.
Kilrog's ghost hits your crimson imp!
Your crimson imp dies!
Casting: Call Imp
Confirm with . or Enter, or press ? or * to list all spells.
A beastly little devil appears in a puff of flame.
Your crimson imp hits Kilrog's ghost but does no damage. x2
Your crimson imp hits Kilrog's ghost but does no damage.
Casting: Call Imp
Confirm with . or Enter, or press ? or * to list all spells.
You blink.
Your crimson imp disappears in a puff of smoke!
Your crimson imp hits Kilrog's ghost but does no damage.
Kilrog's ghost hits you!
Ouch! That really hurt!
You die...

#$ #.............. ...
...............
#.##......##.....####
#..........#........#
#..........#........#
##...................#
............†........#
#.#####........#
#†..@......<.###
##5W5§........##
#.§............#
#..............#
#..............#
#..............#
#..............#
##...†........##
##..........##


You could see Kilrog's ghost and 2 friendly crimson imps.

Vanquished Creatures
  3 adders (D:2)
  A giant gecko (D:2)
  A giant cockroach (D:2)
  7 goblins
  7 hobgoblins
  A quokka (D:3)
  3 ball pythons
  7 bats
  3 giant newts
  5 rats
38 creatures vanquished.

Vanquished Creatures (collateral kills)
  5 worms (D:2)
  A giant gecko (D:2)
  2 hobgoblins (D:2)
8 creatures vanquished.

Grand Total: 46 creatures vanquished

Notes
Turn   | Place    | Note
--------------------------------------------------------------
     0 | D:1      | Mefis the Deep Elf Wizard began the quest for the Orb.
     0 | D:1      | Reached XP level 1. HP: 10/10 MP: 7/7
   422 | D:1      | Reached XP level 2. HP: 15/15 MP: 5/9
   426 | D:1      | Learned a level 2 spell: Call Imp
   429 | D:1      | Learned a level 2 spell: Blink
   432 | D:1      | Learned a level 2 spell: Repel Missiles
  1066 | D:2      | Reached XP level 3. HP: 10/19 MP: 7/11
  2218 | D:2      | Found a shadowy altar of Dithmenos.
  2246 | D:2      | Reached skill level 1 in Charms
  2398 | D:2      | Reached XP level 4. HP: 14/24 MP: 1/12
  2931 | D:3      | Noticed Kilrog's ghost (amateur HOFi)
  2954 | D:3      | Mangled by Kilrog's ghost

Vault maps used:
D:1:      zelgadis_glass_arrival_small
D:2:      nicolae_dithmenos_shadow_blocks, hangedman_glass_teeth,
          grunt_ministairs_11, kennysheep_generic_room_4
D:3:      overflow_temple_1_default, first_bread, nemelex_lonely_heart_becter

Skill      XL: |  1  2  3 |
---------------+----------+-----
Dodging        | 3 |  3.5
Stealth        | 3 |  3.4
Charms         | 1 |  1.7
Spellcasting   | |  4.8
Conjurations   | |  1.7
Summonings     | |  1.7
Translocations | |  1.1

Action                   |  1- 3 |  4- 6 || total
-------------------------+-------+-------++-------
Melee: Dagger            |     2 |     2 ||     4
 Cast: Magic Dart        |    94 |    14 ||   108
       Call Imp          |    15 |    10 ||    25
       Blink             |       |     1 ||     1
  Eat: Chunk             |     4 |       ||     4
       Bread ration      |       |     1 ||     1
Armor: Robe              |     3 |       ||     3
Dodge: Dodged            |    24 |     4 ||    28
